 Dungeon Crawl Stone Soup version bcrawl-1.36.3 (webtiles) character file.

Game seed: 16923481714336535466

284282 KristoblXynda the Skirmisher (level 8, -2/74 HPs)
             Began as a Black Draconian Gladiator on June 16, 2022.
             Was an Initiate of Ashenzari.
             Slain by a black bear (7 damage)
             ... on level 5 of the Dungeon.
             The game lasted 00:05:46 (4034 turns).

KristoblXynda the Skirmisher (DrGl)                 Turns: 4034, Time: 00:05:46

Health: -2/74      AC: 10    Str: 16    XL:     8   Next: 28%
Magic:  8/8        EV: 14    Int: 10    God:    Ashenzari [......]
Gold:   352        SH:  2    Dex: 14    Spells: 7/7 levels left

rFire    . . .     SeeInvis .   a - +0 long sword
rCold    . . .     Gourm    .   (no shield)
rNeg     + . .     Faith    .   (armour unavailable)
rPois    +         Spirit   .   b - +1 hat
rElec    +         Reflect  .   n - +2 cloak {rPois}
rCorr    .                      (no gloves)
MR       .....                  (no boots)
Stlth    +.........             g - amulet of regeneration (curse)
HPRegen  0.46/turn              l - ring of poison resistance
MPRegen  0.11/turn              w - ring of Cozeh {+Fly rN+}

@: short of breath
A: breathe lightning, unfitting armour, electricity resistance, cold-blooded, AC
+6
a: Breathe Lightning, Curse Item, Renounce Religion, Evoke Flight


You were on level 5 of the Dungeon.
You worshipped Ashenzari.
Ashenzari was noncommittal.
You were hungry.

You visited 2 branches of the dungeon, and saw 6 of its levels.

You collected 352 gold pieces.

Inventory:

Hand Weapons
 a - a +0 long sword (weapon)
Missiles
 c - 3 throwing nets (quivered) {=f}
Armour
 b - a +1 hat (worn)
 n - a +2 cloak of poison resistance (worn)
Jewellery
 g - a cursed amulet of regeneration (around neck)
 l - a ring of poison resistance (left hand)
 v - the cursed amulet of Vision {SInv *Curse}
   (You found it in the Ecumenical Temple)

   [amulet of nothing]

   It lets you see invisible.
   It curses itself when equipped.
   It has a curse placed upon it.
 w - the ring of Cozeh (right hand) {+Fly rN+}
   (You found it on level 4 of the Dungeon)

   [ring of flight]

   It protects you from negative energy.
   It lets you fly.
Wands
 i - a wand of iceblast (4)
Scrolls
 h - 3 scrolls of remove curse
 j - 3 scrolls of teleportation {unknown}
 o - a scroll of amnesia {unknown}
 q - 3 scrolls of blinking {unknown}
 r - 3 scrolls of enchant armour {unknown}
 t - a scroll of noise {unknown}
Potions
 d - 2 potions of cancellation
 f - 5 potions of curing
 k - a potion of magic {unknown}
 m - a potion of haste {unknown}
 p - 3 potions of agility
 s - a potion of brilliance {unknown}
 u - 3 potions of invisibility {unknown}
 x - 3 potions of lignification {unknown}
 A - a potion of mutation {unknown}
Comestibles
 e - 8 rations {!d}
 z - 5 chunks of flesh


   Skills:
 + Level 7.7 Fighting
 * Level 7.6 Long Blades
 - Level 2.0 Throwing
 + Level 5.2 Dodging


You had 7 spell levels left.
You didn't know any spells.
Your spell library was empty.

Dungeon Overview and Level Annotations

Branches:
Dungeon (5/12)             Temple (1/1) D:4

Altars:
Ashenzari
Dithmenos
Gozag
Lugonu
Makhleb
Nemelex Xobeh
Qazlal
Ru
Sif Muna
Trog
Uskayaw
Xom
Yredelemnul
The Shining One

Annotations:
D:4 2 transporters, yrara's ghost, amateur DsFi


Innate Abilities, Weirdness & Mutations

You can breathe wild blasts of lightning.
Your glossy black scales are hard. (AC +6)
You cannot fit into any form of body armour.
You are resistant to electric shocks. (rElec)
You are cold-blooded and may be slowed by cold attacks.


Message History

The black bear claws you. x2
* * * LOW HITPOINT WARNING * * *
You hit the black bear but do no damage.
The black bear is severely wounded.
The black bear bites you!
* * * LOW HITPOINT WARNING * * *
The black bear claws you but does no damage.
The black bear barely misses you.
No path to travel!
You breathe a wild blast of lightning!
You hear a mighty clap of thunder!
You resist. The zap hits you.
* * * LOW HITPOINT WARNING * * *
The zap hits you but does no damage.
The orb of electricity explodes!
You feel somewhat more hungry.
You hear a shout!
The black bear bites you.
* * * LOW HITPOINT WARNING * * *
The black bear barely misses you. The black bear claws you!
You die...

#.... ..#....... #....
..#.....<..
#...♣♣..........
##......#.......
....(............
##...#..........
#########....#..........
..........h.>..........
..###...##@##..........
#.# #.# #............#
#.# #># #..#.#.......#
#.###.####..#....###.
#...........###..#..
#.....#####.###..#.#
#..#### #.##...#.# #..#
#.##.....# ##.<#
##....##..#


You could see a black bear (berserk).

Vanquished Creatures
  Pikel (D:4)
  A water moccasin (D:5)
  An ogre (D:3)
  A bullfrog (D:4)
  A centaur (D:5)
  A scorpion (D:4)
  3 crimson imps (D:4)
  Crazy Yiuf (D:4)
  Natasha (D:3)
  An iguana (D:5)
  Ijyb (D:4)
  3 worker ants (D:4)
  A hound skeleton (D:4)
  4 adders
  2 oozes (D:3)
  8 worms
  2 dart slugs
  4 leopard geckos
  17 orcs
  3 giant cockroaches (D:1)
  2 goblins
  9 hobgoblins
  3 jackals (D:2)
  5 quokkas
  2 ball pythons
  6 bats
  3 frilled lizards
  9 kobolds
  4 rats
  A fungus (D:4)
101 creatures vanquished.

Notes
Turn   | Place    | Note
-------+----------+-------------------------------------------
     0 | D:1      | KristoblXynda the Draconian Gladiator began the quest for
                  | the Orb.
     0 | D:1      | Reached XP level 1. HP: 19/19 MP: 1/1
   211 | D:1      | Reached XP level 2. HP: 20/26 MP: 2/2
   549 | D:2      | Found a basalt altar of Yredelemnul.
   581 | D:2      | Reached XP level 3. HP: 33/33 MP: 3/3
  1268 | D:3      | Found an opulent altar of Gozag.
  1277 | D:3      | Reached XP level 4. HP: 24/40 MP: 4/4
  1337 | D:3      | Found a shadowy altar of Dithmenos.
  1952 | D:3      | Noticed an ogre
  1959 | D:3      | Killed an ogre
  1960 | D:3      | Reached XP level 5. HP: 47/47 MP: 5/5
  2089 | D:3      | Noticed Natasha
  2111 | D:3      | Killed Natasha
  2121 | D:3      | Reached skill level 5 in Long Blades
  2616 | D:4      | Found a transporter.
  2616 | D:4      | Noticed yrara's ghost (amateur DsFi)
  2637 | D:4      | Reached XP level 6. HP: 46/53 MP: 6/6
  2743 | D:4      | Noticed a slave
  2743 | D:4      | Noticed a slave
  2743 | D:4      | Noticed a slave
  2743 | D:4      | Noticed Pikel
  2743 | D:4      | Noticed a slave
  2760 | D:4      | Reached skill level 5 in Fighting
  2783 | D:4      | Killed Pikel
  2784 | D:4      | Your scales start taking on a glossy black colour.
  2784 | D:4      | Reached XP level 7. HP: 55/64 MP: 7/7
  2784 | D:4      | Gained mutation: You are resistant to electric shocks.
                  | (rElec) [Black Draconian growth]
  2835 | D:4      | Found a transporter.
  2896 | D:4      | Found a corrupted altar of Lugonu.
  2947 | D:4      | Found a staircase to the Ecumenical Temple.
  2983 | D:4      | Got a pitted copper ring
  3241 | D:4      | Identified the ring of Cozeh {+Fly rN+} (You found it on
                  | level 4 of the Dungeon)
  3329 | D:4      | Noticed Ijyb
  3356 | D:4      | Killed Ijyb
  3357 | D:4      | Reached XP level 8. HP: 73/73 MP: 8/8
  3411 | D:4      | Reached skill level 5 in Dodging
  3694 | D:4      | Found a runed door.
  3698 | D:4      | Noticed Crazy Yiuf
  3704 | D:4      | Killed Crazy Yiuf
  3746 | Temple   | Entered the Ecumenical Temple
  3847 | Temple   | Became a worshipper of Ashenzari the Shackled
  3848 | Temple   | Found the cursed amulet of Vision {SInv *Curse}
  3899 | D:5      | Entered Level 5 of the Dungeon
  4034 | D:5      | Slain by a black bear

Skill      XL: |  1  2  3  4  5  6  7  8 |
---------------+-------------------------+-----
Throwing       | 2 |  2.0
Dodging        | 3 4 5 |  5.2
Long Blades    | 4 5 6 7 |  7.6
Fighting       | 4 6 7 |  7.7

Action                   |  1- 3 |  4- 6 |  7- 9 || total
-------------------------+-------+-------+-------++-------
Melee: Long sword        |   141 |   162 |   142 ||   445
       Tailslap          |    10 |    25 |    25 ||    60
       Unarmed           |       |       |     5 ||     5
Throw: Throwing net      |       |     1 |       ||     1
Invok: Curse Item        |       |       |     1 ||     1
 Abil: Breathe Lightning |       |       |     2 ||     2
Evoke: Wand              |       |       |     2 ||     2
  Use: Scroll            |     1 |     2 |     1 ||     4
       Potion            |       |     2 |       ||     2
 Stab: Sleeping          |     1 |     1 |     1 ||     3
       Held in net/web   |       |     1 |       ||     1
  Eat: Chunk             |     5 |     9 |     7 ||    21
Armor: Skin              |    40 |    34 |    40 ||   114
Dodge: Dodged            |   116 |   101 |    94 ||   311
Block: Other             |     1 |     7 |     5 ||    13
